 Dungeon Crawl Stone Soup version 0.21.1-1-g345015f (webtiles) character file.

130 lysyklops the Firebug (level 4, -7/35 HPs)
             Began as a Draconian Fire Elementalist on July 7, 2018.
             Shot with an arrow by a centaur (10 damage)
             ... on level 3 of the Dungeon on July 11, 2018.
             The game lasted 00:10:55 (2751 turns).

lysyklops the Firebug (Draconian Fire Elementalist) Turns: 2751, Time: 00:10:56

Health: -7/35      AC:  5    Str: 10    XL:     4   Next: 90%
Magic:  0/8        EV: 12    Int: 16    God:
Gold:   118        SH:  0    Dex: 12    Spells: 5/8 levels left

rFire    . . .     SeeInvis .   (no weapon)
rCold    . . .     Gourm    .   (no shield)
rNeg     . . .     Faith    .   (armour unavailable)
rPois    .         Spirit   .   (helmet restricted)
rElec    .         Reflect  .   (no cloak)
rCorr    .         Harm     .   (no gloves)
MR       .....                  (no boots)
Stlth    ++........             (no amulet)
HPRegen  0.11/turn              (no ring)
MPRegen  0.11/turn              (no ring)

@: very slightly contaminated
A: unfitting armour, cold-blooded, AC +5
a: no special abilities


You were on level 3 of the Dungeon.
You were not hungry.

You visited 1 branch of the dungeon, and saw 3 of its levels.

You collected 118 gold pieces.

Inventory:

Hand Weapons
 f - a +2 vampiric spear
Armour
 h - a +0 pair of gloves
Jewellery
 i - an uncursed ring of protection from magic {unknown}
Wands
 l - a wand of digging (21)
Scrolls
 d - 3 scrolls of identify {unknown}
 g - 2 scrolls of remove curse {unknown}
Potions
 c - a potion of haste {unknown}
 e - a potion of mutation {unknown}
 j - a potion of agility {unknown}
 k - a potion of magic {unknown}
Books
 a - a book of Flames

   Spells                             Type                      Level
   a - Flame Tongue                   Conjuration/Fire             1
   b - Throw Flame                    Conjuration/Fire             2
   c - Conjure Flame                  Conjuration/Fire             3
   d - Inner Flame                    Hexes/Fire                   3
   e - Sticky Flame                   Conjuration/Fire             4
   f - Fireball                       Conjuration/Fire             5
Comestibles
 b - 3 rations


   Skills:
 - Level 1.5 Fighting
 - Level 2.0 Dodging
 - Level 2.0 Stealth
 + Level 2.8 Spellcasting
 + Level 2.3 Conjurations
 + Level 4.0 Fire Magic


You had 5 spell levels left.
You knew the following spells:

 Your Spells              Type           Power        Failure   Level  Hunger
a - Flame Tongue          Conj/Fire      ##...        5%          1    #......
b - Throw Flame           Conj/Fire      ##....       8%          2    ##.....


Dungeon Overview and Level Annotations

Branches:
Dungeon (3/15)

Altars:

Annotations:
D:2 Sigmund


Innate Abilities, Weirdness & Mutations

Your plain brown scales are hard. (AC +5)
You cannot fit into any form of body armour.
You are cold-blooded and may be slowed by cold attacks.


Message History

The centaur shoots an arrow.
The arrow completely misses you.
You see here an arrow.
The centaur shoots an arrow.
The arrow hits you.
* * * LOW HITPOINT WARNING * * *
You see here an arrow.
Casting: Throw Flame
Confirm with . or Enter, or press ? or * to list all spells.
Aiming: Throw Flame
Press: ? - help, Shift-Dir - straight line, f/p - centaur
Aim: a centaur, wielding a shortbow and carrying a wand of flame (37) (lightly wounded)
The puff of flame hits the centaur.
The centaur is lightly wounded.
The centaur shoots an arrow.
The arrow barely misses you.
The centaur shoots an arrow.
The arrow closely misses you.
Casting: Throw Flame
Confirm with . or Enter, or press ? or * to list all spells.
You don't have enough magic to cast that spell.
Unknown command.
The centaur shoots an arrow.
The arrow hits you!
You die...

####.#####.#.##.#
#.......##>.....# .####
#.##.##..c.....###### .....
#.##.##..###(........
......#####.##.....#
##.######
......#...........## #(#
...........#####..# #.#
####.#.##.# #.(# ##(## #.##.#
#@## #...# #.##.# #(# #..>#
###.##.#####.# #.c.#######.
#.......[)...# #...##c#.†..
#..######.########...#†#..#
###....#......#.........###.#
###....#.#.#.............##
##h..
.........#..###.#.........##
... ............#
#.####.......# ...


You could see a centaur.

Vanquished Creatures
  Terence (D:3)
  5 adders
  2 oozes (D:2)
  A worm (D:2)
  4 leopard geckos
  An orc (D:3)
  3 bats
  A giant cockroach (D:1)
  2 goblins
  10 hobgoblins
  5 jackals (D:3)
  5 frilled lizards
  3 kobolds
  A rat (D:1)
44 creatures vanquished.

Notes
Turn   | Place    | Note
-------+----------+-------------------------------------------
     0 | D:1      | lysyklops the Draconian Fire Elementalist began the quest for the Orb.
     0 | D:1      | Reached XP level 1. HP: 14/14 MP: 3/3
   705 | D:1      | Reached XP level 2. HP: 20/20 MP: 1/5
  1469 | D:2      | Learned a level 2 spell: Throw Flame
  1537 | D:2      | Noticed Sigmund
  1576 | D:2      | Reached XP level 3. HP: 26/26 MP: 2/6
  2045 | D:2      | Reached XP level 4. HP: 33/33 MP: 4/7
  2260 | D:3      | Reached skill level 4 in Fire Magic
  2352 | D:3      | Noticed a centaur
  2490 | D:3      | Noticed Terence
  2504 | D:3      | Killed Terence
  2504 | D:3      | Reached skill level 1 in Fighting
  2751 | D:3      | Shot with an arrow by a centaur

Skill      XL: |  1  2  3  4 |
---------------+-------------+-----
Stealth        | 2 |  2.0
Dodging        | 2 |  2.0
Conjurations   | 2 |  2.3
Fire Magic     | 4 |  4.0
Fighting       | 1 |  1.5
Spellcasting   | |  2.8

Action                   |  1- 3 |  4- 6 || total
-------------------------+-------+-------++-------
 Cast: Flame Tongue      |    56 |    40 ||    96
       Throw Flame       |       |     3 ||     3
  Eat: Ration            |     1 |       ||     1
       Chunk             |       |     3 ||     3
Armor: Skin              |     2 |     6 ||     8
Dodge: Dodged            |     8 |    24 ||    32
